 Dungeon Crawl Stone Soup version 0.18-a0-1800-gdc7a371 (webtiles) character file.

21 varam the Sneak (level 2, 0/13 HPs)
             Began as a Spriggan Enchanter on Apr 24, 2016.
             Slain by a goblin
             ... wielding a +0 club
             ... led by Robin
              (4 damage)
             ... on level 1 of the Dungeon.
             The game lasted 00:02:30 (1255 turns).

varam the Sneak (Spriggan Enchanter)                Turns: 1255, Time: 00:02:30

Health: 0/13       AC:  3    Str:  4    XL:     2   Next: 62%
Magic:  0/6        EV: 18    Int: 16    God:
Gold:   64         SH:  0    Dex: 16    Spells: 2 memorised, 3 levels left

rFire  . . .     SeeInvis +     a - +1 dagger
rCold  . . .     Gourm    .     b - +1 robe
rNeg   . . .     Faith    .     (shield restricted)
rPois  .         Spirit   .     (helmet restricted)
rElec  .         Dismiss  .     (no cloak)
rCorr  .         Reflect  .     (gloves unavailable)
SustAt .         Harm     .     (boots unavailable)
MR     .....                    (no amulet)
Stlth  +++.......               (no ring)
                                (no ring)

@: very slightly contaminated, very quick, not resistant to hostile
enchantments, fairly stealthy
A: unfitting armour, see invisible, herbivore 3, speed 3, slow metabolism 2
a: no special abilities


You were on level 1 of the Dungeon.
You were not hungry.

You visited 1 branch of the dungeon, and saw 2 of its levels.

You collected 64 gold pieces.

Inventory:

Hand Weapons
 a - a +1 dagger (weapon)
Armour
 b - a +1 robe (worn)
Scrolls
 e - 2 scrolls of amnesia {unknown}
 f - 3 scrolls of identify {unknown}
 g - a scroll of noise {unknown}
 h - 2 scrolls of remove curse {unknown}
Potions
 i - a potion of heal wounds {unknown}
Books
 c - a book of Maledictions

   Spells                             Type                      Level
   a - Corona                         Hexes                        1
   b - Ensorcelled Hibernation        Hexes/Ice                    2
   c - Confuse                        Hexes                        3
   d - Tukima's Dance                 Hexes                        3
   e - Dazzling Spray                 Conjuration/Hexes            3
Comestibles
 d - 4 bread rations


   Skills:
 + Level 1.9 Short Blades
 - Level 3.0 Dodging
 + Level 5.5 Stealth
 - Level 2.6 Spellcasting
 - Level 3.6 Hexes


You had 3 spell levels left.
You knew the following spells:

 Your Spells              Type           Power        Failure   Level  Hunger
a - Ensorcelled Hibernat  Hex/Ice        #.....       17%         2    ##.....
b - Corona                Hex            ##.....      6%          1    #......


Dungeon Overview and Level Annotations

Branches:
Dungeon (2/15)

Altars:

Annotations:
D:2 Robin


Innate Abilities, Weirdness & Mutations

You are tiny and cannot use many weapons and most armour.
You have supernaturally acute eyesight.
You are a herbivore.
You cover ground extremely quickly.
You need consume almost no food.


Message History

Confirm with . or Enter, or press ? or * to list all spells.
Aiming: Ensorcelled Hibernation
Press: ? - help, Shift-Dir - straight line, f - goblin
Aim: a goblin, wielding a club (unusually strong, chance to defeat MR: 78%)
The goblin resists with significant effort.
The goblin barely misses you. The hobgoblin completely misses you.
Casting: Ensorcelled Hibernation
Confirm with . or Enter, or press ? or * to list all spells.
Aiming: Ensorcelled Hibernation
Press: ? - help, Shift-Dir - straight line, f/p - goblin
Aim: a goblin, wielding a club (unusually strong, chance to defeat MR: 78%)
You miscast Ensorcelled Hibernation.
Frost covers your body. The goblin completely misses you.
The hobgoblin hits you with a club.
Casting: Ensorcelled Hibernation
Confirm with . or Enter, or press ? or * to list all spells.
You don't have enough magic to cast that spell.
Unknown command.
You hit the hobgoblin but do no damage.
The goblin hits you with an uncursed club.
You die...

######## #......#
#.####.#### #.#.@g....#
###.#g##.##>########
#.....##.##........#
#.#..†...###.##.##.#
####.######## #.##.##.#
#.......# #....##.#
#.#...#.# ##.......#
#†#...#.######....).#.#
#.#...#.....##........#


You could see a hobgoblin and a goblin.

Vanquished Creatures
  6 goblins (D:1)
  2 hobgoblins (D:1)
  2 kobolds (D:1)
  3 bats (D:1)
  A giant newt (D:1)
  5 rats (D:1)
19 creatures vanquished.

Notes
Turn   | Place    | Note
--------------------------------------------------------------
     0 | D:1      | varam the Spriggan Enchanter began the quest for the Orb.
     0 | D:1      | Reached XP level 1. HP: 9/9 MP: 5/5
   519 | D:1      | Reached XP level 2. HP: 13/13 MP: 6/6
   523 | D:1      | Learned a level 2 spell: Ensorcelled Hibernation
   573 | D:1      | Reached skill level 5 in Stealth
  1236 | D:2      | Noticed Robin
  1255 | D:1      | Slain by a goblin

Vault maps used:
D:1:      dpeg_arrival_ratfight
D:2:      uniq_robin

Skill      XL: |  1  2 |
---------------+-------+-----
Stealth        | 5 |  5.5
Short Blades   | |  1.9
Dodging        | |  3.0
Spellcasting   | |  2.6
Hexes          | |  3.6

Action                   || total
-------------------------++-------
Melee: Dagger            ||    41
 Cast: Corona            ||     4
       Ensorcelled Hiber ||     7
 Stab: Sleeping          ||    12
       Distracted        ||     1
Armor: Robe              ||     4
Dodge: Dodged            ||    20
